 Dungeon Crawl Stone Soup version 0.19-a0-1587-gaef70b6 (webtiles) character file.

84 JustSomeDude the Skirmisher (level 4, 0/35 HPs)
             Began as a Demonspawn Fighter on Sept 16, 2016.
             Slain by jacquesderrida's ghost (10 damage)
             ... on level 3 of the Dungeon.
             The game lasted 00:02:49 (1717 turns).

JustSomeDude the Skirmisher (Demonspawn Fighter)    Turns: 1717, Time: 00:02:50

Health: 0/35       AC:  7    Str: 18    XL:     4   Next: 23%
Magic:  4/4        EV:  7    Int:  9    God:
Gold:   104        SH:  9    Dex: 12    Spells: 0 memorised, 3 levels left

rFire  . . .     SeeInvis .     a - +0 trident
rCold  . . .     Gourm    .     b - +0 scale mail
rNeg   . . .     Faith    .     c - +0 shield
rPois  .         Spirit   .     m - +1 hat
rElec  .         Dismiss  .     (no cloak)
rCorr  .         Reflect  .     (no gloves)
MR     .....     Harm     .     (no boots)
Stlth  ..........               (no amulet)
                                (no ring)
                                (no ring)

@: no status effects
A: antennae 1
a: no special abilities


You were on level 3 of the Dungeon.
You were hungry.

You visited 1 branch of the dungeon, and saw 3 of its levels.

You collected 104 gold pieces.

Inventory:

Hand Weapons
 a - a +0 trident (weapon)
Armour
 b - a +0 scale mail (worn)
 c - a +0 shield (worn)
 m - a +1 hat (worn)
Jewellery
 r - an uncursed ring of fire {unknown}
 s - a cursed ring of teleportation {unknown}
 t - an uncursed ring of protection from cold {unknown}
Scrolls
 g - a scroll of remove curse {unknown}
 k - a scroll of noise {unknown}
 o - a scroll of enchant armour {unknown}
 p - 4 scrolls of recharging {unknown}
 u - a scroll of blinking {unknown}
 v - a scroll of amnesia {unknown}
 w - a scroll of teleportation {unknown}
Potions
 d - a potion of might
 e - a potion of mutation {unknown}
 h - a potion of ambrosia {unknown}
 i - 2 potions of brilliance {unknown}
 j - 3 potions of lignification {unknown}
 l - a potion of invisibility {unknown}
 n - 2 potions of degeneration {unknown}
Comestibles
 f - 2 bread rations


   Skills:
 + Level 3.2 Fighting
 + Level 2.8 Polearms
 + Level 3.1 Armour
 + Level 0.8 Dodging
 + Level 0.4 Stealth
 + Level 3.2 Shields


You had 3 spell levels left.
You didn't know any spells.

Dungeon Overview and Level Annotations

Branches:
Dungeon (3/15)

Altars:

Annotations:
D:3 jacquesderrida's ghost, weakling VSWn


Innate Abilities, Weirdness & Mutations

You have a pair of small antennae on your head.


Message History

There is an open door here.
Jacquesderrida's ghost (weakling Vine Stalker Wanderer) comes into view.
It is wielding a weapon of electrocution.
Jacquesderrida's ghost turns its malevolent gaze towards you.
Jacquesderrida's ghost is nearby!
Jacquesderrida's ghost is nearby!
You hit jacquesderrida's ghost but do no damage.
You block jacquesderrida's ghost's attack.
Jacquesderrida's ghost is nearby!
You hit jacquesderrida's ghost.
Jacquesderrida's ghost is moderately damaged.
Jacquesderrida's ghost closely misses you.
You closely miss jacquesderrida's ghost.
Jacquesderrida's ghost is moderately damaged.
Jacquesderrida's ghost hits you. x2; You are electrocuted!
You hit jacquesderrida's ghost.
Jacquesderrida's ghost is moderately damaged.
Jacquesderrida's ghost hits you.
* * * LOW HITPOINT WARNING * * *
You are electrocuted!
You die...

#....# #....#
#....# #....#
####....#
#..'†...#
#.##....#
#####.##....#
#....@##+####
#.##.W....#
#......#
#......####...
#......'..<...
#......#####'#
#...)..'.....
#......######
#......#########


You could see jacquesderrida's ghost.

Vanquished Creatures
  A gnoll (D:1)
  3 adders (D:2)
  An ooze (D:2)
  A worm (D:1)
  A dart slug (D:1)
  A leopard gecko (D:1)
  4 bats
  A giant cockroach (D:3)
  3 goblins (D:1)
  4 hobgoblins
  5 jackals
  3 ball pythons
  3 frilled lizards
  3 kobolds
  2 rats (D:1)
36 creatures vanquished.

Notes
Turn   | Place    | Note
-------+----------+-------------------------------------------
     0 | D:1      | JustSomeDude the Demonspawn Fighter began the quest for the Orb.
     0 | D:1      | Reached XP level 1. HP: 18/18 MP: 1/1
   155 | D:1      | Gained mutation: You have a pair of small antennae on your head. [demonic ancestry]
   155 | D:1      | Reached XP level 2. HP: 22/24 MP: 2/2
   538 | D:1      | Reached XP level 3. HP: 23/29 MP: 3/3
  1155 | D:2      | Reached XP level 4. HP: 35/35 MP: 4/4
  1712 | D:3      | Noticed jacquesderrida's ghost (weakling VSWn)
  1717 | D:3      | Slain by jacquesderrida's ghost

Vault maps used:
D:1:      dpeg_arrival_snail
D:3:      marbit_many_paths, cheibrodos_gnoll_hut

Skill      XL: |  1  2  3 |
---------------+----------+-----
Polearms       | 2 |  2.8
Shields        | 3 |  3.2
Armour         | 3 |  3.1
Fighting       | |  3.2
Dodging        | |  0.8
Stealth        | |  0.4

Action                   |  1- 3 |  4- 6 || total
-------------------------+-------+-------++-------
Melee: Trident           |   123 |    46 ||   169
  Eat: Chunk             |     1 |     1 ||     2
Armor: Scale mail        |    51 |    19 ||    70
Dodge: Dodged            |    33 |    13 ||    46
Block: Shield            |    53 |    15 ||    68
